PBL
MINNESOTA TWINS @ TORONTO BLUE JAYS
03/11/2071
 
TOP OF THE 1ST
Minnesota Twins batting - Pitching for Toronto Blue Jays : RHP Dave Braun
Pitching: RHP Dave Braun
Batting: RHB Ye Ge 0-0: Swinging Strike
0-1: Ball
1-1: Ball
2-1: Ground out 6-3 (Groundball, 6S, EV 85.0 MPH)
Batting: LHB Duncan Cotton 0-0: Ball
1-0: Called Strike
1-1: Swinging Strike
1-2: Ball
2-2: Foul Ball, location: 7LDF
2-2: Strikes out swinging
Batting: LHB Woody Vaughn 0-0: Ball
1-0: Ball
2-0: Foul Ball, location: 2F
2-1: Called Strike
2-2: Ball
3-2: Foul Ball, location: 5SF
3-2: SINGLE (Groundball, 6MD, EV 94.4 MPH)
Batting: LHB António Sandoval 0-0: Called Strike
0-1: Foul Ball, location: 5FF
0-2: Foul Ball, location: 7LSF
0-2: Ball
1-2: Foul Ball, location: 2F
1-2: Fly out, F9 (Flyball, 9, EV 88.1 MPH)
Top of the 1st over - 0 runs, 1 hit, 0 errors, 1 left on base; Minnesota 0 - Toronto 0
BOTTOM OF THE 1ST
Toronto Blue Jays batting - Pitching for Minnesota Twins : RHP Yoriyoshi Wada
Pitching: RHP Yoriyoshi Wada
Batting: LHB Ángel Hernández 0-0: Ball
1-0: Swinging Strike
1-1: Reached via error on a dropped throw from 2B, E3 (Groundball, 4S, EV 86.9 MPH)
Batting: LHB Cam Edwards 0-0: Ball
1-0: Grounds into double play, 5-4-3 (Groundball, 56S, EV 85.6 MPH)
Batting: RHB Walt Browning 0-0: SOLO HOME RUN (Flyball, 9LD, EV 91.9 MPH), Distance : 350 ft
Batting: LHB Stan Encell 0-0: Ball
1-0: Ball
2-0: Called Strike
2-1: Foul Ball, location: 2F
2-2: Fly out, F6 (Popup, 4M, EV 60.0 MPH)
Bottom of the 1st over - 1 run, 1 hit, 1 error, 0 left on base; Minnesota 0 - Toronto 1
TOP OF THE 2ND
Minnesota Twins batting - Pitching for Toronto Blue Jays : RHP Dave Braun
Batting: LHB Mauro Rosales 0-0: Foul Ball, location: 5DF
0-1: Fly out, F8 (Flyball, 8RXD, EV 96.9 MPH)
Batting: RHB Stanley Burns 0-0: Ball
1-0: Called Strike
1-1: Foul Ball, location: 7LSF
1-2: Ball
2-2: Foul Ball, location: 2F
2-2: Strikes out looking
Batting: SHB Harry Fox 0-0: Ball
1-0: Swinging Strike
1-1: Ground out 1-3 (Groundball, P, EV 65.0 MPH)
Top of the 2nd over - 0 runs, 0 hits, 0 errors, 0 left on base; Minnesota 0 - Toronto 1
BOTTOM OF THE 2ND
Toronto Blue Jays batting - Pitching for Minnesota Twins : RHP Yoriyoshi Wada
Batting: LHB John Alcorn 0-0: Fly out, F5 (Popup, 5SF, EV 75.0 MPH)
Batting: RHB Jesús González 0-0: Foul Ball, location: 2LF
0-1: Called Strike
0-2: Ball
1-2: DOUBLE (Flyball, 8LXD, EV 90.6 MPH)
Batting: RHB Luis Pagán 0-0: Ball
1-0: Ball
2-0: Foul Ball, location: 2F
2-1: Fly out, F9 (Flyball, 9LS, EV 86.9 MPH)
Batting: RHB Sam Hernández 0-0: Called Strike
0-1: SINGLE (Line Drive, 9S, EV 100.6 MPH)
Jesús González to third
Runner from 3rd tries for Home, SAFE, throw by RF to home
Batting: RHB Jing Shaw 0-0: Called Strike
Sam Hernández steals 2nd base
0-1: Fly out, F8 (Flyball, 8LM, EV 86.3 MPH)
Bottom of the 2nd over - 1 run, 2 hits, 0 errors, 1 left on base; Minnesota 0 - Toronto 2
TOP OF THE 3RD
Minnesota Twins batting - Pitching for Toronto Blue Jays : RHP Dave Braun
Batting: LHB Sozen Nakamura 0-0: Called Strike
0-1: Ball
1-1: Ball
2-1: Called Strike
2-2: Strikes out swinging
Batting: RHB Jesús Contreras 0-0: Called Strike
0-1: Foul Ball, location: 5FF
0-2: Ball
1-2: Strikes out looking
Batting: RHB Ye Ge 0-0: Ball
1-0: Ball
2-0: Ball
3-0: Called Strike
3-1: Base on Balls
Batting: LHB Duncan Cotton 0-0: Called Strike
0-1: Fielders Choice at 2nd, 5-4 (Groundball, 5, EV 78.8 MPH)
Top of the 3rd over - 0 runs, 0 hits, 0 errors, 1 left on base; Minnesota 0 - Toronto 2
BOTTOM OF THE 3RD
Toronto Blue Jays batting - Pitching for Minnesota Twins : RHP Yoriyoshi Wada
Batting: LHB Ángel Hernández 0-0: Ground out 4-3 (Groundball, 34, EV 83.8 MPH)
Batting: LHB Cam Edwards 0-0: Called Strike
0-1: Ball
1-1: Swinging Strike
1-2: Ball
2-2: Foul Ball, location: 7LDF
2-2: Fly out, F9 (Flyball, 89S, EV 90.6 MPH)
Batting: RHB Walt Browning 0-0: Ground out 6-3 (Groundball, 6, EV 88.8 MPH)
Bottom of the 3rd over - 0 runs, 0 hits, 0 errors, 0 left on base; Minnesota 0 - Toronto 2
TOP OF THE 4TH
Minnesota Twins batting - Pitching for Toronto Blue Jays : RHP Dave Braun
Batting: LHB Woody Vaughn 0-0: Called Strike
0-1: Ball
1-1: Fly out, F6 (Popup, 15, EV 78.8 MPH)
Batting: LHB António Sandoval 0-0: Ball
1-0: Ball
2-0: SINGLE (Line Drive, 78S, EV 107.5 MPH)
Batting: LHB Mauro Rosales 0-0: Foul Ball, location: 7LDF
0-1: Called Strike
0-2: Strikes out looking
Batting: RHB Stanley Burns 0-0: Foul Ball, location: 9LDF
0-1: Swinging Strike
0-2: Foul Ball, location: 2F
0-2: Fielders Choice at 2nd, 5-4 (Groundball, 56, EV 92.5 MPH)
Top of the 4th over - 0 runs, 1 hit, 0 errors, 1 left on base; Minnesota 0 - Toronto 2
BOTTOM OF THE 4TH
Toronto Blue Jays batting - Pitching for Minnesota Twins : RHP Yoriyoshi Wada
Batting: LHB Stan Encell 0-0: Called Strike
0-1: Called Strike
0-2: Strikes out swinging
Batting: LHB John Alcorn 0-0: Ball
1-0: Ground out U3 (Groundball, 3, EV 87.5 MPH)
Batting: RHB Jesús González 0-0: Foul Ball, location: 23F
0-1: Ball
1-1: Swinging Strike
1-2: Ball
2-2: Foul Ball, location: 2F
2-2: Ball
3-2: Fly out, F1 (Line Drive, P, EV 64.4 MPH)
Bottom of the 4th over - 0 runs, 0 hits, 0 errors, 0 left on base; Minnesota 0 - Toronto 2
TOP OF THE 5TH
Minnesota Twins batting - Pitching for Toronto Blue Jays : RHP Dave Braun
Now at 3B: Mike Whitney
Batting: SHB Harry Fox 0-0: Ball
1-0: Fly out, F8 (Flyball, 8LD, EV 103.1 MPH)
Batting: LHB Sozen Nakamura 0-0: Called Strike
0-1: Ground out U3 (Groundball, 3, EV 81.9 MPH)
Batting: RHB Jesús Contreras 0-0: Ball
1-0: Called Strike
1-1: Ball
2-1: Ball
3-1: Foul Ball, location: 23FF
3-2: Strikes out swinging
Top of the 5th over - 0 runs, 0 hits, 0 errors, 0 left on base; Minnesota 0 - Toronto 2
BOTTOM OF THE 5TH
Toronto Blue Jays batting - Pitching for Minnesota Twins : RHP Yoriyoshi Wada
Batting: RHB Luis Pagán 0-0: Ball
1-0: Fly out, F3 (Popup, 3F, EV 75.0 MPH)
Batting: RHB Sam Hernández 0-0: Ground out 6-3 (Groundball, 6, EV 88.1 MPH)
Batting: RHB Jing Shaw 0-0: Ball
1-0: Fly out, F8 (Flyball, 89M, EV 93.8 MPH)
Bottom of the 5th over - 0 runs, 0 hits, 0 errors, 0 left on base; Minnesota 0 - Toronto 2
TOP OF THE 6TH
Minnesota Twins batting - Pitching for Toronto Blue Jays : RHP Dave Braun
Pitching: RHP Lou Markakis
Now at 1B: Sam Childress
Now in LF: Luis Román
Now in CF: Jorge Córdova
Now in RF: Tony Elliott
Pinch Hitting: RHB Héctor Bonilla 0-0: Ball
1-0: Ball
2-0: Called Strike
2-1: Fly out, F9 (Flyball, 9D, EV 102.5 MPH)
Pinch Hitting: SHB António Quiñones 0-0: Foul Ball, location: 2F
0-1: Ball
1-1: Called Strike
1-2: Strikes out looking
Pinch Hitting: RHB Clay Hill 0-0: Fly out, F9 (Flyball, 89M, EV 95.0 MPH)
Top of the 6th over - 0 runs, 0 hits, 0 errors, 0 left on base; Minnesota 0 - Toronto 2
BOTTOM OF THE 6TH
Toronto Blue Jays batting - Pitching for Minnesota Twins : RHP Yoriyoshi Wada
Now at 1B: Clay Hill
Now at 2B: Harry Fox
Now at SS: Héctor Bonilla
Now in LF: António Quiñones
Now in CF: Mauro Rosales
Now in RF: Brendon Craig
Batting: RHB Sam Childress 0-0: Foul Ball, location: 3F
0-1: Ball
1-1: Ball
2-1: Ball
3-1: Ground out 4-3 (Groundball, 34, EV 81.3 MPH)
Batting: RHB Luis Román 0-0: Ball
1-0: Ball
2-0: Ground out 4-3 (Groundball, 4, EV 106.3 MPH)
Batting: RHB Tony Elliott 0-0: Foul Ball, location: 2F
0-1: Foul Ball, location: 5FF
0-2: Ball
1-2: Strikes out looking
Bottom of the 6th over - 0 runs, 0 hits, 0 errors, 0 left on base; Minnesota 0 - Toronto 2
TOP OF THE 7TH
Minnesota Twins batting - Pitching for Toronto Blue Jays : RHP Lou Markakis
Pitching: RHP Bill Jones
Now at SS: Hayden Calhoun
Batting: RHB José Peralta 0-0: DOUBLE (Flyball, 8RXD, EV 107.5 MPH)
Batting: LHB Mauro Rosales 0-0: Ball
1-0: Swinging Strike
1-1: Ground out 2-3 (Groundball, 2L, EV 76.3 MPH)
Pinch Hitting: SHB Dylan Prince 0-0: Called Strike
0-1: Called Strike
0-2: Ball
1-2: Foul Ball, location: 7LMFF
1-2: Strikes out looking
Batting: SHB Harry Fox 0-0: Ball
1-0: Called Strike
1-1: Called Strike
1-2: Ground out 4-3 (Groundball, 34D, EV 99.4 MPH)
Top of the 7th over - 0 runs, 1 hit, 0 errors, 1 left on base; Minnesota 0 - Toronto 2
BOTTOM OF THE 7TH
Toronto Blue Jays batting - Pitching for Minnesota Twins : RHP Yoriyoshi Wada
Pitching: RHP Fu-quan Ec
Now at 3B: Dylan Prince
Batting: LHB Mike Whitney 0-0: Ball
1-0: Foul Ball, location: 2F
1-1: Called Strike
1-2: Ground out 4-3 (Groundball, 4, EV 80.0 MPH)
Batting: LHB Mels Isabekian 0-0: Ball
1-0: Called Strike
1-1: Ball
2-1: Fly out, F9 (Flyball, 89S, EV 85.0 MPH)
Batting: RHB Jesús González 0-0: Fly out, F8 (Line Drive, 8RM, EV 97.5 MPH)
Bottom of the 7th over - 0 runs, 0 hits, 0 errors, 0 left on base; Minnesota 0 - Toronto 2
TOP OF THE 8TH
Minnesota Twins batting - Pitching for Toronto Blue Jays : RHP Bill Jones
Now in LF: Mike González
Now in RF: Luis Román
Batting: RHB Brendon Craig 0-0: Swinging Strike
0-1: Called Strike
0-2: Ball
1-2: Ball
2-2: Foul Ball, location: 2F
2-2: SINGLE (Flyball, 5D, EV 88.8 MPH)
Batting: RHB Jesús Contreras 0-0: Fly out, F9 (Line Drive, 9, EV 103.8 MPH)
Batting: RHB Héctor Bonilla 0-0: Grounds into double play, 4-6-3 (Groundball, 4, EV 87.5 MPH)
Top of the 8th over - 0 runs, 1 hit, 0 errors, 0 left on base; Minnesota 0 - Toronto 2
BOTTOM OF THE 8TH
Toronto Blue Jays batting - Pitching for Minnesota Twins : RHP Fu-quan Ec
Pitching: RHP Nate Barr
Batting: RHB Hayden Calhoun 0-0: Ball
1-0: Ball
2-0: Ball
3-0: Fly out, F8 (Flyball, 8RM, EV 90.6 MPH)
Batting: RHB Jorge Córdova 0-0: Called Strike
0-1: Swinging Strike
0-2: Foul Ball, location: 2F
0-2: Ball
1-2: Ball
2-2: Ball
3-2: Ground out 5-3 (Groundball, 56, EV 100.6 MPH)
Batting: RHB Jing Shaw 0-0: Called Strike
0-1: Ground out 6-3 (Groundball, 6, EV 105.0 MPH)
Bottom of the 8th over - 0 runs, 0 hits, 0 errors, 0 left on base; Minnesota 0 - Toronto 2
TOP OF THE 9TH
Minnesota Twins batting - Pitching for Toronto Blue Jays : RHP Bill Jones
Pitching: RHP Tsurayuki Shibata
Batting: SHB António Quiñones 0-0: Ball
1-0: Ball
2-0: Ball
3-0: Called Strike
3-1: SINGLE (Groundball, 34S, EV 63.1 MPH) (infield hit)
Pinch Hitting: LHB Terry Robinson 0-0: Called Strike
0-1: Ball
1-1: Called Strike
1-2: Strikes out swinging
Batting: RHB José Peralta 0-0: Foul Ball, location: 9LSF
0-1: Ball
1-1: Ball
2-1: Swinging Strike
2-2: Ball
3-2: Base on Balls
António Quiñones to second
Batting: LHB Mauro Rosales 0-0: Ball
1-0: SINGLE (Groundball, 34D, EV 109.4 MPH)
António Quiñones to third
José Peralta to second
Batting: SHB Dylan Prince 0-0: Ball
1-0: Grounds into fielders choice 5-2 (Groundball, 56S, EV 69.4 MPH)
José Peralta to third
Mauro Rosales to second
Batting: SHB Harry Fox 0-0: Foul Ball, location: 2F
0-1: Swinging Strike
0-2: Ball
1-2: Ball
2-2: Strikes out looking
Top of the 9th over - 0 runs, 2 hits, 0 errors, 3 left on base; Minnesota 0 - Toronto 2
Saturday, March 30th , 2024 - OOTP Baseball 24.10 Build 82